 Dungeon Crawl Stone Soup version 0.29.1-15-g9cfb28693d (webtiles) character file.

Game seed: 11637930086820201558

184 lenn0rt the Chopper (level 5, 0/46 HPs)
             Began as a Hill Orc Monk on Mar 24, 2023.
             Slain by Grinder (1 damage)
             ... on level 4 of the Dungeon.
             The game lasted 00:07:38 (4023 turns).

lenn0rt the Chopper (Hill Orc Monk)                 Turns: 4023, Time: 00:07:39

Health: 0/46       AC:  6    Str: 15 (16) XL:     5   Next: 63%
Magic:  5/5        EV: 11    Int:  7 (10) God:
Gold:   217        SH:  0    Dex: 10 (13) Spells: 4/4 levels left

rFire   . . .      SeeInvis .   a - +0 hand axe (protect)
rCold   . . .      Faith    .   (no shield)
rNeg    . . .      Spirit   .   g - +0 ring mail
rPois   .          Reflect  .   (no helmet)
rElec   .          Harm     .   (no cloak)
rCorr   .          Rampage  .   h - +0 pair of gloves
Will    .....                   (no boots)
Stlth   +.........              (no amulet)
HPRegen 0.15/turn               (no ring)
MPRegen 0.09/turn               (no ring)

@: on berserk cooldown, attractive, slowed, very slow
A: no striking features
a: no special abilities


You were on level 4 of the Dungeon.
You visited 1 branch of the dungeon, and saw 4 of its levels.

You collected 217 gold pieces.

Inventory:

Hand Weapons
 a - a +0 hand axe of protection (weapon)
Armour
 b - a +0 robe
 g - a +0 ring mail (worn)
 h - a +0 pair of gloves (worn)
Jewellery
 k - a +6 ring of strength
 l - an amulet of guardian spirit
 p - a ring of positive energy
Scrolls
 j - 2 scrolls of amnesia
 n - 3 scrolls of identify
 q - 2 scrolls of butterflies
Potions
 c - a potion of ambrosia
 f - 2 potions of attraction


   Skills:
 - Level 3.9 Fighting
 * Level 7.7 Axes
 - Level 2.5 Dodging
 - Level 1.8 Stealth


You had 4 spell levels left.
You didn't know any spells.
Your spell library contained the following spells:

 Spells                   Type           Power      Damage    Failure   Level
 Magic Dart               Conj           0%         1d3       67%         1
 Searing Ray              Conj           0%         2d4       80%         2
 Fulminant Prism          Conj/Hex       0%         3d6       100%        4


Dungeon Overview and Level Annotations

Branches:
Dungeon (4/15)             Temple (0/1) D:4

Altars:

Annotations:
D:4 Grinder


Message History

The goblin unwields a +0 dagger of draining.
The goblin wields a +0 sling.
The goblin shoots a sling bullet.
The sling bullet barely misses you. The goblin is attracted toward you.
You hit the goblin.
You kill the goblin!
Grinder is attracted toward you.
Things that are here:
a +0 sling; a +0 dagger of draining; a goblin corpse You feel a strong urge to attack something.
You feel your anger nearly subside.
You are no longer berserk.
You are exhausted.
You feel yourself slow down. Grinder is attracted toward you.
Things that are here:
a +0 sling; a +0 dagger of draining; a goblin corpse You are too injured to fight recklessly!
You are too injured to fight recklessly!
You are too injured to fight recklessly!
You are too injured to fight recklessly!
As you read the scroll labelled NEPIALLUCIA, it crumbles to dust.
It is a scroll of brand weapon.
Your +0 hand axe projects an invisible shield of force!
a - a +0 hand axe of protection (weapon)
Grinder barely misses you.
As you read the scroll labelled VOSIRR CUFUN, it crumbles to dust.
You hear a loud clanging noise!
It was a scroll of noise.
You hear a shout! x3
Grinder gestures at you.
You suddenly lose the ability to move!
Grinder blinks!
Grinder is attracted toward you. Grinder gestures at you.
Pain shoots through your body!
* * * LOW HITPOINT WARNING * * *
Grinder hits you but does no damage.
You can move again.
It was a potion of degeneration.
There was something very wrong with that liquid.
You feel weakened.
You feel dopey.
You feel clumsy. Grinder hits you.
You die...

###.#..#
#.s...(
#...##
##.<..#
##.##
######
##..#
#..##
##..#
##..##
#....#
####@#
#.....5.#
..#######


You could see Grinder.

Vanquished Creatures
  A scorpion (D:4)
  4 adders
  A white imp (D:4)
  2 worms (D:2)
  A dart slug (D:3)
  10 endoplasms
  4 giant cockroaches
  7 hobgoblins
  2 jackals (D:2)
  5 kobolds
  3 quokkas
  7 ball pythons
  5 bats
  7 frilled lizards
  5 goblins
  8 rats
72 creatures vanquished.

Vanquished Creatures (others)
  4 plants (D:3)
4 creatures vanquished.

Grand Total: 76 creatures vanquished

Notes
Turn   | Place    | Note
-------+----------+-------------------------------------------
     0 | D:1      | lenn0rt the Hill Orc Monk began the quest for the Orb.
     0 | D:1      | Reached XP level 1. HP: 19/19 MP: 1/1
   256 | D:1      | Reached XP level 2. HP: 26/27 MP: 2/2
   903 | D:2      | Reached skill level 5 in Axes
   903 | D:2      | Reached XP level 3. HP: 30/33 MP: 3/3
  1494 | D:2      | Reached XP level 4. HP: 33/40 MP: 4/4
  1844 | D:2      | Reached skill level 6 in Axes
  3289 | D:3      | Found a faded altar of an unknown god.
  3704 | D:4      | Noticed a scorpion
  3836 | D:4      | Killed a scorpion
  3837 | D:4      | Reached skill level 7 in Axes
  3837 | D:4      | Reached XP level 5. HP: 46/46 MP: 5/5
  3988 | D:4      | Found a staircase to the Ecumenical Temple.
  4002 | D:4      | Noticed Grinder
  4020 | D:4      | Paralysed by Grinder for 3 turns
  4021 | D:4      | HP: 1/46 [Grinder/nerve-wracking pain (9)]
  4023 | D:4      | Slain by Grinder

Illustrated notes

Levels and vault maps discovered:
D:1:      dreamdust_arrival_sigmund_warning, layout_rooms
D:2:      layout_basic, minmay_three_crescents
D:3:      layout_basic, serial_bayou, serial_bayou_lake_a,
          serial_bayou_crossing, serial_bayou_pond_b, serial_bayou_pond_a,
          dreamdust_ecumenical_altar_statues
D:4:      minmay_general_purpose_star, layout_cave_pods,
          gammafunk_temple_overflow_wave, minmay_temple_entry_trees,
          serial_shops, nicolae_shop_statue_plus, kennysheep_mini_moat,
          minmay_manual_mullet, uniq_grinder, uniq_pargi

Skill      XL: |  1  2  3  4 |
---------------+-------------+-----
Axes           | 5 7 |  7.7
Fighting       | |  3.9
Dodging        | |  2.5
Stealth        | |  1.8

Action                   |  1- 3 |  4- 6 || total
-------------------------+-------+-------++-------
Melee: Hand axe          |   125 |   125 ||   250
       Punch             |     3 |     2 ||     5
  Use: Scroll            |       |     7 ||     7
       Potion            |       |     4 ||     4
 Stab: Sleeping          |     1 |     1 ||     2
       Distracted        |     1 |       ||     1
Armor: Robe              |     1 |       ||     1
       Ring mail         |    44 |    38 ||    82
       Skin              |       |     2 ||     2
Dodge: Dodged            |    78 |    71 ||   149
